 Dungeon Crawl Stone Soup version 0.31-a0-193-gdfe2569204 (webtiles) character file.

Game seed: 8121425050138520462

1691 qw the Skirmisher (level 8, -4/43 (46) HPs)
             Began as a Deep Elf Hunter on June 24, 2023.
             Slain by a wyvern (11 damage)
             ... on level 7 of the Dungeon.
             The game lasted 00:02:00 (5577 turns).

qw the Skirmisher (Deep Elf Hunter)                 Turns: 5577, Time: 00:02:01

HP:   -4/43 (46)    AC:  7    Str:  8 (10) XL:     8   Next: 72%
MP:   10/10         EV: 11    Int: 14 (15) God:
Gold: 400           SH:  0    Dex: 17 (18) Spells: 7/7 levels left

rFire   . . .        c - +0 shortbow (heavy)
rCold   + . .        (shield currently unavailable)
rNeg    . . .        e - +0 ring mail
rPois   .            a - +2 hat
rElec   .            (no cloak)
rCorr   +            (no gloves)
SInv    .            (no boots)
Will    .....        n - amulet of faith
Stlth   +            h - ring of resist corrosion
HPRegen 0.27/turn    b - ring of protection from cold
MPRegen 0.12/turn

%: faith
@: about to teleport, drained
A: no striking features
a: no special abilities


You were on level 7 of the Dungeon.
You visited 2 branches of the dungeon, and saw 8 of its levels.

You collected 400 gold pieces.


   Skills:
 - Level 3.3 Fighting
 + Level 13.9 Ranged Weapons
 - Level 1.0 Armour
 - Level 4.1 Dodging
 - Level 1.2 Stealth


You had 7 spell levels left.
You didn't know any spells.
Your spell library was empty.

Inventory:

Hand Weapons
 c - a +0 heavy shortbow (weapon)
Armour
 a - a +2 hat (worn)
 e - a +0 ring mail (worn)
 j - a +1 robe of fire resistance
Jewellery
 b - a ring of protection from cold (right hand)
 h - a ring of resist corrosion (left hand)
 n - an amulet of faith (around neck)
Scrolls
 f - 3 scrolls of teleportation
 l - 4 scrolls of identify
Potions
 d - 6 potions of curing
 g - a potion of mutation {unknown}
 o - a potion of cancellation

Dungeon Overview and Level Annotations

Branches:
Dungeon (7/15)             Temple (1/1) D:5

Altars:
Ashenzari
Cheibriados
Dithmenos
Elyvilon
Fedhas
Gozag
Kikubaaqudgha
Makhleb
Nemelex Xobeh
Qazlal
Ru
Sif Muna
Vehumet
Wu Jian
Xom
Yredelemnul
Zin
The Shining One

Shops:
D:3 :

Annotations:
D:4 1 runed translucent door, qw's ghost, amateur DEHu


Message History

Enter note: You shoot an arrow.
The arrow hits the wight.
The wight is lightly damaged. 5 wights and a wyvern come into view.
A wight is wielding a +5 hand axe of freezing.
The wyvern hisses angrily.
You see here a wand of digging (3).
Enter note: You shoot an arrow.
The arrow closely misses the wight.
A wight comes into view. It is wielding a +0 scimitar.
You shoot an arrow. The arrow hits the wight!
The wight is severely damaged.
You shoot an arrow.
The arrow hits the wyvern but does no damage.
A sky beast comes into view.
The wyvern bites you.
The wight hits you with a +4 falchion of freezing.
The wight freezes you.
You shoot an arrow. The arrow hits the wight!
You destroy the wight!
The wyvern barely misses you. The wyvern bites you!
You feel your intelligence returning.
You shoot an arrow. The arrow hits the wight.
The wight is moderately damaged.
The wyvern bites you. The wight hits you with a +0 hand axe.
You feel drained.
The sky beast flickers out of sight!
Deactivating autopickup; reactivate with Ctrl-A.
The wyvern bites you.
5576 ||| READING 4 scrolls of teleportation.
As you read the scroll of teleportation, it crumbles to dust.
You feel strangely unstable. The wyvern barely misses you.
The wight closely misses you.
The wight hits you from afar with a +0 spear.
You feel drained. The wight misses you.
You shoot an arrow. The arrow closely misses the wight.
The arrow hits the wight.
The wight is moderately damaged.
The wyvern hisses menacingly.
The wyvern bites you. The wyvern bites you!
You die...

.........#
.........#
....[.....
.........
........z.
......zzz#
#.....zzl# .....
#@# ....... ...
#.# ......# #.##.#
......###..##....#
..... .#..###..##
.)..# ....###..#
..#.# #........#
....## #...##.##
#....## #.#.##..##


You could see a wyvern and 6 wights.

Vanquished Creatures
  Sigmund (D:4)
  An ogre (D:6)
  A phantom (D:4)
  A bullfrog (D:7)
  6 scorpions
  A wight (D:7)
  A howler monkey (D:5)
  4 hounds
  2 jellies
  7 orc priests
  2 iguanas
  A sleepcap (D:5)
  7 orc wizards
  4 gnolls
  8 adders
  An ufetubus (D:7)
  A worm (D:5)
  A dart slug (D:3)
  15 orcs
  11 endoplasms
  4 giant cockroaches
  7 goblins
  8 hobgoblins
  4 jackals
  4 kobolds
  6 quokkas
  10 ball pythons
  6 bats
  2 frilled lizards (D:3)
  A rat (D:3)
128 creatures vanquished.

Notes
Turn   | Place    | Note
-------+----------+-------------------------------------------
     0 | D:1      | qw the Deep Elf Hunter began the quest for the Orb.
     0 | D:1      | Reached XP level 1. HP: 12/12 MP: 3/3
     0 | D:1      | 0 ||| qw: Version: 0.3-a-9-g12657ce
     0 | D:1      | 0 ||| qw: Game counter: 4662
     0 | D:1      | 0 ||| qw: Always use a shield: true
     0 | D:1      | 0 ||| qw: God list: Okawaru
     0 | D:1      | 0 ||| qw: Allow faded altars: false
     0 | D:1      | 0 ||| qw: Do Orc after D:15 true
     0 | D:1      | 0 ||| qw: Do second Lair branch before Depths: true
     0 | D:1      | 0 ||| qw: Lair rune preference: random
     0 | D:1      | 0 ||| qw: Plans: Normal
     0 | D:1      | 0 ||| PLANNING D:1-11
    91 | D:1      | Reached XP level 2. HP: 16/16 MP: 4/4
    94 | D:1      | Reached skill level 6 in Ranged Weapons
   275 | D:1      | Reached XP level 3. HP: 20/20 MP: 5/5
   722 | D:1      | 722 ||| UPGRADING to amulet of guardian spirit.
   727 | D:1      | 727 ||| UPGRADING to ring of resist corrosion.
   728 | D:1      | 728 ||| READING scroll labelled YLYZAAGYESH.
   729 | D:1      | 729 ||| READING scroll labelled YSKIGH NUUKKO.
   757 | D:1      | 757 ||| READING 2 scrolls labelled KICRUSTRAPIH.
   761 | D:1      | 761 ||| READING scroll labelled BAMUR JONNEP.
   862 | D:1      | 862 ||| READING scroll labelled JIKLEUTAUN.
   863 | D:1      | 863 ||| READING scroll labelled ONYG NIESHERU.
   864 | D:1      | 864 ||| READING scroll labelled IDWAIG GIUXUEGH.
   865 | D:1      | 865 ||| DROPPING scroll of butterflies.
  1256 | D:2      | 1256 ||| READING scroll labelled UVYCLO PAUJYA.
  1257 | D:2      | 1257 ||| READING scroll labelled SENWOYROADGH.
  1258 | D:2      | 1258 ||| READING scroll labelled PEEXTI LAIBUSH.
  1405 | D:2      | 1405 ||| UPGRADING to +2 hat.
  1410 | D:2      | 1410 ||| DRINKING 2 silvery potions.
  1549 | D:3      | Found a white marble altar of Elyvilon.
  1715 | D:3      | Reached skill level 7 in Ranged Weapons
  1939 | D:3      | Found Huely's Book Emporium.
  2087 | D:3      | Reached XP level 4. HP: 25/25 MP: 6/6
  2394 | D:3      | 2394 ||| UPGRADING to ring of protection from cold.
  2395 | D:3      | 2395 ||| READING 3 scrolls labelled BOSCHE MOYTIZXE.
  2396 | D:3      | 2396 ||| READING scroll labelled CEIVVI PAELLE.
  2397 | D:3      | 2397 ||| READING scroll labelled OMAYFEZU ISAVA.
  2397 | D:3      | Identified a scroll of acquirement
  2397 | D:3      | 2397 ||| ACQUIRING +0 shortbow of freezing
  2397 | D:3      | Acquired a +0 shortbow of freezing
  2399 | D:3      | 2399 ||| SWAPPING to +0 shortbow of freezing.
  2400 | D:3      | 2400 ||| DROPPING +1 shortbow.
  2401 | D:3      | 2401 ||| READING 2 scrolls of identify.
  2401 | D:3      | 2401 ||| IDENTIFYING ruby potion
  2402 | D:3      | 2402 ||| DROPPING potion of attraction.
  2403 | D:3      | 2403 ||| DROPPING 2 scrolls of fog.
  2516 | D:4      | Reached skill level 8 in Ranged Weapons
  2520 | D:4      | 2520 ||| Stepping ~*~*~tactically~*~*~ (outnumbered).
  2526 | D:4      | Reached XP level 5. HP: 28/29 MP: 7/7
  2553 | D:4      | Reached skill level 9 in Ranged Weapons
  2683 | D:4      | Reached skill level 3 in Dodging
  2687 | D:4      | Found a runed translucent door.
  2724 | D:4      | Noticed qw's ghost (amateur DEHu)
  2788 | D:4      | Noticed a phantom
  2807 | D:4      | Killed a phantom
  2808 | D:4      | Reached XP level 6. HP: 27/35 MP: 5/8
  2838 | D:4      | Noticed Sigmund
  2845 | D:4      | Killed Sigmund
  2846 | D:4      | Reached skill level 10 in Ranged Weapons
  2950 | D:4      | Found an opulent altar of Gozag.
  2960 | D:4      | Reached XP level 7. HP: 40/40 MP: 9/9
  3086 | D:4      | Found a stormy altar of Qazlal.
  3087 | D:4      | Found a shadowy altar of Dithmenos.
  3092 | D:4      | 3092 ||| UPGRADING to +0 ring mail.
  3102 | D:4      | 3102 ||| DROPPING +0 leather armour.
  3103 | D:4      | 3103 ||| UPGRADING to amulet of faith.
  3113 | D:4      | 3113 ||| DROPPING amulet of guardian spirit.
  3127 | D:5      | Entered Level 5 of the Dungeon
  3134 | D:5      | 3134 ||| STAIRDANCE
  3209 | D:5      | Reached skill level 11 in Ranged Weapons
  3309 | D:5      | Found a sacrificial altar of Ru.
  3339 | D:5      | 3339 ||| FLEEEEING.
  3408 | D:5      | Found a shimmering blue altar of Sif Muna.
  3417 | D:5      | Found an ancient bone altar of Kikubaaqudgha.
  3433 | D:5      | Found a radiant altar of Vehumet.
  3443 | D:5      | Reached skill level 12 in Ranged Weapons
  3622 | D:5      | Reached skill level 1 in Armour
  3792 | D:5      | Reached XP level 8. HP: 45/45 MP: 10/10
  3891 | D:5      | Reached skill level 3 in Fighting
  3913 | D:5      | Found a staircase to the Ecumenical Temple.
  3914 | D:5      | 3914 ||| PLANNING TEMPLE
  3914 | D:5      | 3914 ||| READING scroll labelled FOARGH BOVAIRO.
  3916 | D:5      | 3916 ||| DRINKING 2 white potions.
  3960 | D:5      | 3960 ||| DRINKING 2 dark potions.
  3961 | D:5      | 3961 ||| READING 2 scrolls of identify.
  3961 | D:5      | 3961 ||| IDENTIFYING coppery potion
  3962 | D:5      | 3962 ||| DROPPING potion of lignification.
  3963 | D:5      | 3963 ||| DROPPING potion of berserk rage.
  3964 | D:5      | 3964 ||| DROPPING potion of degeneration.
  3973 | Temple   | Entered the Ecumenical Temple
  4114 | Temple   | 4114 ||| PLANNING D:1-11
  4331 | D:5      | Found a burning altar of Makhleb.
  4377 | D:5      | Found a blossoming altar of Fedhas.
  5322 | D:6      | 5322 ||| READING scroll labelled WEOKIO EWKAU.
  5323 | D:6      | 5323 ||| READING 5 scrolls of identify.
  5323 | D:6      | 5323 ||| IDENTIFYING fuming golden potion
  5373 | D:7      | Reached skill level 13 in Ranged Weapons
  5374 | D:7      | 5374 ||| FLEEEEING.
  5375 | D:7      | 5375 ||| FLEEEEING.
  5377 | D:7      | 5377 ||| STAIRDANCE
  5421 | D:7      | 5421 ||| STAIRDANCE
  5537 | D:7      | 5537 ||| Stepping ~*~*~tactically~*~*~ (outnumbered).
  5575 | D:7      | HP: 11/44 [wyvern (6)]
  5576 | D:7      | 5576 ||| READING 4 scrolls of teleportation.
  5577 | D:7      | Slain by a wyvern

Levels and vault maps discovered:
D:1:      giann_forest_graveyard, layout_basic, st_stairs_13
D:2:      layout_loops_cross, serial_glass, glass_columns_a, glass_columns_c,
          glass_columns_c, glass_columns_a, glass_columns_a, glass_columns_b,
          glass_columns_c, glass_columns_a, glass_columns_a, glass_columns_a
D:3:      minmay_chambers_of_twos, layout_basic, elyvilon_altar_5, serial_shops,
          nicolae_book_shop_shelving, kennysheep_generic_room_5
D:4:      layout_basic, grunt_gozag_statues, minitemple, gammafunk_ghost_grave,
          uniq_sigmund
D:5:      layout_loops_cross, palyth_temple_overflow_mages,
          general_overflow_altar, nicolae_ru_awakened_eye,
          mainiacjoe_overflow_alcove_1, temple_fountains
D:6:      layout_basic
D:7:      layout_rooms
Temple:   hellmonk_temple_forest_ring

Skill      XL: |  1  2  3  4  5  6  7  8 |
---------------+-------------------------+-----
Ranged Weapons | 6 7 8 9 10 12 13 | 13.9
Dodging        | 3 4 |  4.1
Fighting       | 2 3 |  3.3
Armour         | 1 |  1.0
Stealth        | |  1.2

Action                     |  1- 3 |  4- 6 |  7- 9 || total
---------------------------+-------+-------+-------++-------
   Fire: Shortbow          |   112 |   126 |   187 ||   425
    Use: Scroll            |    10 |     4 |     5 ||    19
         Potion            |     1 |       |     2 ||     3
 Armour: Leather armour    |     9 |    25 |       ||    34
         Ring mail         |       |       |    17 ||    17
         Skin              |       |       |     2 ||     2
  Dodge: Dodged            |     9 |    32 |    54 ||    95

Table legend:
 A = Non-vault XP
 B = Vault XP
 C = Vault XP percentage of total XP
 D = Non-vault monster count
 E = Vault monster count
 F = Vault count percentage of total count
                 A         B        C        D         E       F
            +---------+---------+-------+---------+---------+-------
      Total |    2064 |     353 |  14.6 |     113 |      15 |  11.7
            +---------+---------+-------+---------+---------+-------
        D:1 |      46 |       4 |   8.0 |      27 |       2 |   6.9
        D:2 |       7 |       0 |   0.0 |       4 |       0 |   0.0
        D:3 |      28 |      19 |  40.4 |      15 |       9 |  37.5
        D:4 |     559 |     226 |  28.8 |      28 |       1 |   3.4
        D:5 |     666 |     104 |  13.5 |      19 |       3 |  13.6
        D:6 |     319 |       0 |   0.0 |       8 |       0 |   0.0
        D:7 |     439 |       0 |   0.0 |      12 |       0 |   0.0
            +---------+---------+-------+---------+---------+-------
